 Dungeon Crawl Stone Soup version 0.30.0-16-gbe6223bb7e (webtiles) character file.

Game seed: 12386270619832970420

2768 Twinkles the Fighter (level 9, 81/81 HPs)
             Began as a Pale Draconian Delver on May 20, 2023.
             Was a Priest of Vehumet.
             Got out of the dungeon alive.
             The game lasted 00:25:27 (8100 turns).

Twinkles the Fighter (Pale Draconian Delver)        Turns: 8100, Time: 00:25:28

Health: 81/81      AC:  9    Str: 17    XL:     9   Next: 42%
Magic:  12/12      EV: 14    Int: 12    God:    Vehumet [***...]
Gold:   378        SH:  0    Dex: 13    Spells: 10/13 levels left

rFire   . . .        b - +0 quarterstaff
rCold   . . .        (shield currently unavailable)
rNeg    . . .        (body armour unavailable)
rPois   .            (helmet restricted)
rElec   .            D - +0 cloak
rCorr   .            c - +0 pair of gloves
SInv    .            (no boots)
Will    .....        (no amulet)
Stlth   +++          o - ring of flight
HPRegen 0.33/turn    (no ring)
MPRegen 0.13/turn

%: no passive effects
@: flying
A: breathe steam, AC +7, unfitting armour, cold-blooded, steam resistance
a: Breathe Steam, Renounce Religion


You escaped.
You worshipped Vehumet.
Vehumet was most pleased with you.
You visited 2 branches of the dungeon, and saw 8 of its levels.

You collected 378 gold pieces.

Inventory:

Hand Weapons
 a - a +0 short sword
 b - a +0 quarterstaff (weapon)
 G - a +0 sling
Missiles
 f - 10 poisoned darts
 t - 6 javelins
Armour
 c - a +0 pair of gloves (worn)
 D - a +0 cloak (worn)
Jewellery
 e - a ring of wizardry
 o - a ring of flight (left hand)
 v - an amulet of the acrobat
 A - a ring of fire
Wands
 d - a wand of digging (3)
 j - a wand of polymorph (9)
Scrolls
 g - 3 scrolls of teleportation {unknown}
 h - a scroll of brand weapon {unknown}
 i - a scroll of acquirement {unknown}
 k - a scroll of enchant weapon {unknown}
 n - 4 scrolls of identify {unknown}
 p - 2 scrolls of amnesia {unknown}
 s - a scroll of butterflies {unknown}
 u - 2 scrolls of poison {unknown}
 w - a scroll of enchant armour {unknown}
 y - a scroll of blinking {unknown}
 B - 4 scrolls of silence {unknown}
 F - 2 scrolls of fog
 I - a scroll of immolation {unknown}
 X - a scroll of magic mapping
Potions
 r - a potion of cancellation {unknown}
 x - 2 potions of attraction {unknown}
 z - a potion of berserk rage {unknown}
 C - 3 potions of degeneration {unknown}
 H - a potion of haste
 J - 2 potions of curing
 L - a potion of flight
 M - 2 potions of might
 N - a potion of heal wounds
 P - a potion of lignification


   Skills:
 + Level 8.0 Fighting
 - Level 3.6 Short Blades
 + Level 6.3 Dodging
 - Level 5.0 Stealth
 - Level 2.5 Spellcasting
 * Level 6.9 Conjurations
 - Level 2.1 Earth Magic


You had 10 spell levels left.
You knew the following spells:

 Your Spells              Type           Power      Damage    Failure   Level
a - Sandblast             Erth           12%        2d6       3%          1
b - Searing Ray           Conj           36%        2d5       1%          2

Your spell library contained the following spells:

 Spells                   Type           Power      Damage    Failure   Level
 Momentum Strike          Conj/Tloc      18%        3d8       2%          2
 Scorch                   Fire           2%         2d5       11%         2
 Flame Wave               Conj/Fire      9%         2d6       16%         4
 Beastly Appendage        Tmut           2%         N/A       26%         1
 Wereblood                Tmut           1%         N/A       36%         2
 Spider Form              Tmut/Pois      1%         N/A       61%         3
 Summon Cactus Giant      Summ           0%         N/A       100%        6


Dungeon Overview and Level Annotations

Branches:
Dungeon (7/15) Zot: 26169  Temple (1/1) D:5 Zot: 5874

Altars:
Dithmenos
Fedhas
Gozag
Hepliaklqana
Kikubaaqudgha
Makhleb
Uskayaw
Vehumet
Xom
Zin

Shops:
D:5 (   D:6 =

Annotations:
D:2 1 runed translucent door, Crazy Yiuf, Sigmund
D:3 exclusions: goblin and orc
D:4 exclusion: orc wizard, Dowan, Grinder, Menkaure


Innate Abilities, Weirdness & Mutations

You can breathe blasts of scalding, opaque steam.
Your pale cyan-grey scales are hard. (AC +7)
You cannot fit into any form of body armour.
You are cold-blooded and may be slowed by cold attacks.
You are immune to the effects of steam.


Message History

You kill the gnoll!
Vehumet accepts your kill. The gnoll hits you but does no damage.
The gnoll barely misses you.
You see here a +0 whip.
You barely miss the gnoll.
Your tail-slap misses the gnoll.
The gnoll is severely wounded.
The gnoll barely misses you.
You hit the gnoll.
The gnoll is almost dead.
The gnoll misses you.
You hit the gnoll.
You kill the gnoll!
Vehumet accepts your kill.
Your Fighting skill increases to level 8!
No target in view!
No target in view!
No target in view!
No target in view!
No target in view!
No target in view!
No target in view!
No target in view!
No target in view!
You now have 378 gold pieces (gained 14).
Things that are here:
a +0 halberd; a gnoll corpse
There is a stone staircase leading up here.
You fly upwards.
Level annotation: 1 runed translucent door, Crazy Yiuf, Sigmund
There is a stone staircase leading down here.
HP restored.
There is a stone staircase leading up here.
You fly upwards.
There is a stone staircase leading down here.
There is a staircase leading out of the dungeon here.
Are you sure you want to leave the Dungeon?
This will make you lose the game!
Alright, then stay!
Are you sure you want to leave the Dungeon?
This will make you lose the game!
You have escaped!

..# #.......# #.# #.### ..#
#.......# ######># #.# ..######
#.......# #......# #.# .......#
#.......###......# #.# .......#
#.......+........###.### .......#
#.......######+#'#...)..
.......###.####### #.......#..
........##.# ##### #.....#....
........##.#####@..####.....#....
........##.##.♣##.##♣.#..........
#.......##.##..♣#.#♣..##......##.
#.###...##............♣#.....###.
..#.....##.##...#'#♣...#....## #.
....#.####'##.P##.##♣..#....# #.
......##....####...###......# #.
......++....##########...#### #.
......##....'...........## #####


There were no monsters in sight!

Vanquished Creatures
  Pikel (D:7)
  2 water moccasins (D:6)
  An ice beast (D:7)
  A sky beast (D:5)
  2 black bears
  An ogre (D:6)
  A phantom (D:7)
  A centaur (D:5)
  A lemure (D:7)
  A kobold brigand (D:6)
  A gnoll sergeant (D:6)
  2 bullfrogs
  3 scorpions (D:6)
  A killer bee (D:7)
  3 howler monkeys (D:7)
  3 hounds
  2 jellies
  2 gnoll boudas (D:7)
  3 orc priests (D:5)
  Jessica (D:2)
  2 iguanas
  5 sleepcaps
  6 orc wizards
  9 gnolls
  9 adders
  A shadow imp (D:6)
  2 white imps (D:6)
  An ufetubus (D:5)
  4 worms
  14 orcs
  4 bats
  5 endoplasms
  3 giant cockroaches
  13 goblins
  9 hobgoblins
  6 jackals
  8 kobolds
  5 ball pythons
  A rat (D:3)
140 creatures vanquished.

Notes
Turn   | Place    | Note
-------+----------+-------------------------------------------
     0 | D:5      | Twinkles the Draconian Delver began the quest for the Orb.
     0 | D:5      | Reached XP level 1. HP: 19/19 MP: 1/1
    69 | D:5      | Reached XP level 2. HP: 26/26 MP: 2/2
    85 | D:5      | HP: 8/26 [sleepcap (16)]
    91 | D:5      | Reached XP level 3. HP: 11/33 MP: 3/3
    95 | D:5      | Found Syoff's Weapon Shoppe.
   195 | D:5      | Noticed a centaur
   232 | D:5      | Found a staircase to the Ecumenical Temple.
   243 | Temple   | Entered the Ecumenical Temple
   359 | Temple   | Became a worshipper of Vehumet
   509 | D:4      | Reached skill level 4 in Fighting
   509 | D:4      | Reached skill level 5 in Stealth
   509 | D:4      | Reached XP level 4. HP: 23/40 MP: 4/4
  2027 | D:2      | Noticed Jessica
  2049 | D:2      | Killed Jessica
  2050 | D:2      | Reached XP level 5. HP: 21/47 MP: 5/5
  2229 | D:2      | Noticed Sigmund
  2719 | D:2      | Reached * piety under Vehumet
  2719 | D:2      | Offered knowledge of Sandblast by Vehumet.
  2725 | D:2      | Learned a level 1 spell: Sandblast
  2825 | D:2      | Found a runed translucent door.
  2826 | D:2      | Noticed Crazy Yiuf
  2985 | D:2      | Found a faded altar of an unknown god.
  3598 | D:3      | Reached XP level 6. HP: 53/53 MP: 6/6
  4075 | D:4      | Reached skill level 1 in Earth Magic
  4149 | D:4      | Noticed Dowan
  4202 | D:4      | Noticed Menkaure
  4222 | D:4      | Noticed Grinder
  4467 | D:5      | Reached skill level 5 in Fighting
  4467 | D:5      | Reached skill level 1 in Spellcasting
  4545 | D:5      | HP: 19/56 [orc/+0 dagger (2)]
  4998 | D:5      | Your scales start taking on a pale cyan-grey colour.
  4998 | D:5      | Reached XP level 7. HP: 35/61 MP: 7/10
  4998 | D:5      | Gained mutation: You are immune to the effects of steam.
                  | [Pale Draconian growth]
  5292 | D:5      | Reached ** piety under Vehumet
  5292 | D:5      | Offered knowledge of Searing Ray by Vehumet.
  5301 | D:5      | Learned a level 2 spell: Searing Ray
  5402 | D:6      | Reached skill level 1 in Conjurations
  5442 | D:6      | Upgraded the game from 0.30.0-15-g856e2d3f33 to
                  | 0.30.0-16-gbe6223bb7e
  5451 | D:6      | Found Iliak's Jewellery Shop.
  5459 | D:6      | Reached skill level 6 in Fighting
  5726 | D:6      | Reached XP level 8. HP: 70/70 MP: 6/11
  5737 | D:6      | HP: 24/70 [scorpion (1)]
  5742 | D:6      | HP: 10/105 [poisoned by a water moccasin]
  5745 | D:6      | HP: 4/105 [poisoned by a water moccasin]
  5752 | D:6      | HP: 11/105 [water moccasin (2)]
  5754 | D:6      | HP: 3/71 [water moccasin (5)]
  5995 | D:6      | Reached skill level 5 in Dodging
  6181 | D:6      | HP: 19/71 [gnoll sergeant/+0 spear of freezing (7)]
  6772 | D:6      | Offered knowledge of Momentum Strike by Vehumet.
  7001 | D:6      | Reached skill level 7 in Fighting
  7016 | D:6      | Reached skill level 5 in Conjurations
  7021 | D:6      | HP: 20/73 [poisoned by a water moccasin]
  7023 | D:6      | HP: 7/73 [poisoned by a water moccasin]
  7028 | D:6      | HP: 16/73 [poisoned by a water moccasin]
  7408 | D:7      | Reached *** piety under Vehumet
  7417 | D:7      | Reached XP level 9. HP: 75/79 MP: 4/12
  7576 | D:7      | Noticed Pikel
  7589 | D:7      | HP: 27/79 [lemure[Pikel] (6)]
  7594 | D:7      | HP: 19/79 [lemure[Pikel] (6)]
  7595 | D:7      | Killed Pikel
  8044 | D:3      | Reached skill level 8 in Fighting
  8100 | D:$      | Got out of the dungeon alive.

Illustrated notes

Levels and vault maps discovered:
D:1:      sevenhm_arrival_forest_fort_small_4, layout_basic
D:2:      cheibrodos_greedy_goblins, layout_loops_ring,
          hellmonk_ecumenical_altar_pennies_from_heaven,
          chequers_serial_rivers_micro_a, minmay_tetromino_l4, uniq_sigmund,
          uniq_crazy_yiuf_cottage, uniq_jessica
D:3:      minmay_spotlight, layout_basic
D:4:      layout_layer_cave, tso_oasis_becter, marbit_many_paths, uniq_grinder,
          uniq_duvessa, uniq_menkaure
D:5:      layout_loops_ring, minmay_temple_entry_glassed_door, serial_shops,
          nicolae_stop_n_shop_1
D:6:      layout_rooms, serial_shops, shop, minmay_fractal_squares_diagonal_5
D:7:      minmay_recursive_quarters, layout_rooms, cheibrodos_ashenzari_chains,
          mainiacjoe_overflow_alcove_2, grunt_temple_overflow_diamond,
          uniq_pikel
Temple:   nicolae_temple_two_arcs

Skill      XL: |  1  2  3  4  5  6  7  8  9 |
---------------+----------------------------+-----
Dodging        | 2 3 4 5 6 |  6.3
Fighting       | 4 5 6 7 8 |  8.0
Stealth        | 5 |  5.0
Short Blades   | 3 |  3.6
Earth Magic    | 2 |  2.1
Spellcasting   | 2 |  2.5
Conjurations   | 2 5 6 |  6.9

Action                     |  1- 3 |  4- 6 |  7- 9 || total
---------------------------+-------+-------+-------++-------
  Melee: Quarterstaff      |    31 |   275 |   221 ||   527
         Tailslap          |     2 |    34 |    31 ||    67
         Unarmed           |       |       |    10 ||    10
  Throw: Dart              |       |     2 |     1 ||     3
   Cast: Sandblast         |       |     8 |       ||     8
         Searing Ray       |       |       |    33 ||    33
    Use: Potion            |       |       |     6 ||     6
         Scroll            |       |       |     1 ||     1
   Stab: Sleeping          |     2 |    16 |       ||    18
 Armour: Skin              |    10 |   117 |   154 ||   281
  Dodge: Dodged            |    33 |   185 |   233 ||   451
